 Dungeon Crawl Stone Soup version 0.27.1-35-g4d5d836560 (webtiles) character file.

Game seed: 571548697914720943

490 Delamore the Covert (level 7, -2/45 HPs)
             Began as an Octopode Brigand on Mar 9, 2022.
             Slain by a gnoll (9 damage)
             ... on level 4 of the Dungeon.
             The game lasted 00:03:40 (3267 turns).

Delamore the Covert (Octopode Brigand)              Turns: 3267, Time: 00:03:41

Health: -2/45      AC:  1    Str: 10    XL:     7   Next: 14%
Magic:  7/7        EV: 12    Int: 14    God:
Gold:   70         SH:  0    Dex: 15    Spells: 6/6 levels left

rFire    . . .     SeeInvis .   j - +1 dagger (venom)
rCold    . . .     Faith    .   (no shield)
rNeg     . . .     Spirit   .   (helmet restricted)
rPois    +         Reflect  .   (no amulet)
rElec    .         Harm     .   k - ring of poison resistance
rCorr    .         Rampage  .   (no ring)
Will     .....                  (no ring)
Stlth    +++++.....             (no ring)
HPRegen  0.15/turn              (no ring)
MPRegen  0.10/turn              (no ring)
                                (no ring)
                                (no ring)

@: no status effects
A: almost no armour, amphibious, 8 rings, camouflage 1, gelatinous body 1,
(nimble swimmer 1), tentacles
a: no special abilities


You were on level 4 of the Dungeon.
You visited 1 branch of the dungeon, and saw 4 of its levels.

You collected 136 gold pieces.
You spent 66 gold pieces at shops.

Inventory:

Hand Weapons
 a - a +2 dagger
 f - a +4 short sword
 j - a +1 dagger of venom (weapon)
Missiles
 b - 13 poisoned darts (quivered)
 c - 2 curare-tipped darts
 h - 2 boomerangs
Jewellery
 k - a ring of poison resistance (left tentacle)
Scrolls
 d - 2 scrolls of fog {unknown}
 e - a scroll of vulnerability
 g - 2 scrolls of holy word
 m - 3 scrolls of enchant weapon {unknown}
 n - a scroll of enchant armour {unknown}
 p - 2 scrolls of immolation {unknown}
 r - a scroll of teleportation {unknown}
 s - a scroll of magic mapping {unknown}
Potions
 i - a potion of lignification {unknown}
 o - 2 potions of degeneration
 q - 2 potions of curing {unknown}


   Skills:
 - Level 2.0 Fighting
 + Level 4.6 Short Blades
 - Level 2.0 Throwing
 - Level 1.0 Dodging
 - Level 10.0 Stealth


You had 6 spell levels left.
You didn't know any spells.
Your spell library contained the following spells:

 Spells                   Type           Power      Damage    Failure   Level
 Summon Small Mammal      Summ           0%         N/A       28%         1
 Call Canine Familiar     Summ           0%         N/A       65%         3
 Summon Guardian Golem    Hex/Summ       0%         N/A       65%         3


Dungeon Overview and Level Annotations

Branches:
Dungeon (4/15)
 Temple: D:4-7

Altars:
Fedhas

Shops:
D:2 !

Annotations:
D:4 1 runed translucent door, Delamore's ghost, amateur OpBr


Innate Abilities, Weirdness & Mutations

You cannot wear most types of armour.
You are amphibious.
You can wear up to eight rings at the same time.
Your skin changes colour to match your surroundings (Stealth+).
Your rubbery body absorbs attacks. (AC +1, EV +1)
((You are camouflaged near water. (Stealth+)))
You have tentacles for arms and can constrict up to eight enemies at once.


Message History

A gnoll comes into view. It is wielding a +0 halberd.
A gnoll comes into view. It is wielding a +0 spear.
The gnoll shouts! x2
The gnoll closely misses you.
The gnoll shouts!
You hear a shout!
You hit the gnoll.
The gnoll is poisoned.
Your grab misses the gnoll.
The gnoll is lightly wounded.
The gnoll hits you with a +0 halberd.
An orc comes into view. It is wielding a +0 dagger.
You hit the gnoll.
The gnoll looks as sick as possible!
You grab the gnoll.
The gnoll is heavily wounded.
You constrict the gnoll, but do no damage.
The gnoll misses you.
You hit the gnoll.
The gnoll looks as sick as possible!
The gnoll is heavily wounded.
You constrict the gnoll. The gnoll misses you.
You release your grip on the gnoll.
You kill the gnoll!
You throw a poisoned dart.
The poisoned dart closely misses the gnoll.
The poisoned dart barely misses the gnoll.
The poisoned dart closely misses the orc.
You throw a poisoned dart. The poisoned dart hits the gnoll.
The gnoll is poisoned.
You throw a poisoned dart.
The poisoned dart closely misses the gnoll. x2
The poisoned dart barely misses the orc.
The gnoll closely misses you. The gnoll hits you with a +0 halberd!
The gnoll hits you from afar with a +0 spear!
You are too injured to fight recklessly!
The gnoll hits you from afar with a +0 halberd!
* * * LOW HITPOINT WARNING * * *
The gnoll looks more healthy.
You see here a +0 short sword.
Okay, then.
Okay, then.
There is a stone staircase leading up here.
The gnoll hits you from afar with a +0 halberd!
You die...

..####+###....#.....#
.>.........#.######.######
..####.#...#.# #.........#
#.#...#.# #.##.####.#
#.......# #.##.# .#
###...### #.##.# .#
####...# ##.##.# .#
#......####...#.####.###
#.###..@...[#........... #
#.# #g#####...#####.....
#..###.###.# ##.######..##
#........).# #.........#
#.####g##### ########.#...
#.......g..# #.#.##
#(####.###g# #.#.# #.# #.#
#.# #.#.# #)# #.#
#.####### #.#.#


You could see a gnoll.

Vanquished Creatures
  Menkaure (D:4)
  A phantom (D:4)
  A scorpion (D:4)
  A howler monkey (D:3)
  A jelly (D:4)
  2 orc priests (D:4)
  A gnoll (D:4)
  3 adders (D:3)
  A worm (D:2)
  A dart slug (D:3)
  4 orcs
  7 ball pythons
  An endoplasm (D:1)
  2 giant cockroaches (D:2)
  10 goblins
  10 hobgoblins
  4 jackals (D:3)
  5 kobolds
  A quokka (D:2)
  5 bats
  3 frilled lizards
  A rat (D:2)
66 creatures vanquished.

Notes
Turn   | Place    | Note
-------+----------+-------------------------------------------
     0 | D:1      | Delamore the Octopode Brigand began the quest for the Orb.
     0 | D:1      | Reached XP level 1. HP: 14/14 MP: 1/1
   411 | D:1      | Reached XP level 2. HP: 19/19 MP: 2/2
   622 | D:1      | Reached skill level 6 in Stealth
  1069 | D:2      | Found Oloy's Distillery.
  1077 | D:2      | Bought a potion of heal wounds for 55 gold pieces
  1108 | D:2      | Reached XP level 3. HP: 24/24 MP: 3/3
  1402 | D:2      | Bought a potion of degeneration for 11 gold pieces
  1916 | D:2      | Found a faded altar of an unknown god.
  2030 | D:3      | Reached skill level 7 in Stealth
  2030 | D:3      | Reached XP level 4. HP: 29/29 MP: 4/4
  2501 | D:3      | Reached XP level 5. HP: 34/34 MP: 5/5
  2557 | D:4      | Noticed Menkaure
  2570 | D:4      | Killed Menkaure
  2571 | D:4      | Reached skill level 8 in Stealth
  2571 | D:4      | Reached XP level 6. HP: 6/39 MP: 6/6
  2835 | D:4      | Noticed Delamore's ghost (amateur OpBr)
  2836 | D:4      | Found a runed translucent door.
  2907 | D:4      | Found a blossoming altar of Fedhas.
  2915 | D:4      | Reached skill level 9 in Stealth
  3010 | D:4      | Reached XP level 7. HP: 14/45 MP: 7/7
  3223 | D:4      | Reached skill level 10 in Stealth
  3267 | D:4      | Slain by a gnoll

Illustrated notes

Levels and vault maps discovered:
D:1:      minmay_arrival_diagonal_passages, layout_loops_cross
D:2:      cheibrodos_greedy_goblins, layout_basic, serial_shops, shop,
          hellmonk_ecumenical_altar_pennies_from_heaven
D:3:      layout_rooms
D:4:      layout_loops_ring, mainiacjoe_overflow_concentric_impassable,
          gammafunk_ghost_grave, uniq_menkaure

Skill      XL: |  1  2  3  4  5  6  7 |
---------------+----------------------+-----
Stealth        | 6 7 8 9 10 | 10.0
Short Blades   | 3 4 |  4.6
Fighting       | |  2.0
Throwing       | |  2.0
Dodging        | |  1.0

Action                   |  1- 3 |  4- 6 |  7- 9 || total
-------------------------+-------+-------+-------++-------
Melee: Dagger            |    56 |    41 |     4 ||   101
       Constrict         |    15 |    14 |     1 ||    30
       Short sword       |     8 |    27 |       ||    35
       Tentacles         |     7 |    13 |       ||    20
Throw: Dart              |       |       |     3 ||     3
  Use: Scroll            |     2 |       |       ||     2
       Potion            |       |     1 |       ||     1
 Stab: Sleeping          |    15 |     7 |     1 ||    23
       Distracted        |       |     1 |       ||     1
Armor: Skin              |     1 |     4 |       ||     5
Dodge: Dodged            |    29 |    29 |     4 ||    62
